[Event "*** Titled Tuesday Blitz"]
[Site "Chess.com"]
[Date "2019.11.05"]
[Round "7"]
[White "Astaneh"]
[Black "Manukyan_Artak"]
[Result "1-0"]
[WhiteElo "2573"]
[BlackElo "2386"]
[TimeControl "180+2"]
[EndTime "14:33:58 PST"]
[Termination "Astaneh won by resignation"]

1. d4 c6 2. c4 d5 3. Nf3 Nf6 4. Nc3 e6 5. Bg5 dxc4 6. e3 b5 7. a4 Bb4 8. Nd2 h6 9. Bxf6 Qxf6 10. axb5 Bxc3 11. bxc3 cxb5 12. Ne4 Qe7 13. Qf3 O-O 14.
Nc5 Nd7 15. Qxa8 Nxc5 16. dxc5 Qf6 17. Rc1 b4 18. Bxc4 bxc3 19. O-O Ba6 20. Qe4 1-0

[Event "*** Titled Tuesday Blitz"]
[Site "Chess.com"]
[Date "2019.11.05"]
[Round "7"]
[White "snowlord"]
[Black "Knight8700"]
[Result "1-0"]
[WhiteElo "2718"]
[BlackElo "2422"]
[TimeControl "180+2"]
[EndTime "14:34:07 PST"]
[Termination "snowlord won by resignation"]

1. e4 e5 2. Nf3 Nc6 3. Bb5 Nf6 4. O-O Be7 5. Re1 d6 6. d4 exd4 7. Nxd4 Bd7 8. Nc3 O-O 9. Bxc6 bxc6 10. Qf3 Re8 11.
b3 Bf8 12. Bb2 g6 13. e5 dxe5 14. Nxc6 Bxc6 15. Qxc6 Bg7 16. Rad1 Qe7 17. Nb5 Ng4 18.
h3 Nh6 19. Qxc7 Qg5 20. Nd6 Re7 21. Qc6 Rf8 22. Ne4 Qf5 23. Ba3 Re6 24. Qc7 Ra8 25.
Rd8+ Re8 26. Rxe8+ Rxe8 27. Nd6 1-0

[Event "*** Titled Tuesday Blitz"]
[Site "Chess.com"]
[Date "2019.11.05"]
[Round "7"]
[White "Vamostodorecto"]
[Black "StephenDedalus83"]
[Result "0-1"]
[WhiteElo "2438"]
[BlackElo "2799"]
[TimeControl "180+2"]
[EndTime "14:34:13 PST"]
[Termination "StephenDedalus83 won by resignation"]

1. d4 Nf6 2. c4 g6 3. Nc3 Bg7 4. e4 d6 5. Be2 O-O 6. Nf3 e5 7. O-O Nc6 8. d5 Ne7 9. Ne1 Nd7 10. Be3 f5 11. f3 f4 12. Bf2 g5 13. Rc1 a6 14. b4 Rf6 15. c5 Rh6 16. cxd6 cxd6 17. a4 Qe8 18. Kh1 Qh5 19. Bg1 Nf6 20. Nd3 Qh4 21.
a5 Nh5 22. g4 fxg3 23. Na4 Bh3 24. Ne1 Nf4 0-1

[Event "*** Titled Tuesday Blitz"]
[Site "Chess.com"]
[Date "2019.11.05"]
[Round "7"]
[White "Tsschessulover"]
[Black "Iyael"]
[Result "1-0"]
[WhiteElo "2416"]
[BlackElo "2099"]
[TimeControl "180+2"]
[EndTime "14:34:19 PST"]
[Termination "Tsschessulover won by resignation"]

1. d4 Nf6 2. c4 g6 3. Nc3 Bg7 4. Nf3 d6 5. g3 O-O 6. Bg2 Nbd7 7. O-O e5 8. dxe5 dxe5 9. Bg5 c6 10. Qd2 Qc7 11. Rfd1 Re8 12. Ne1 Nf8 13. Nc2 Ne6 14.
Bh6 Bh8 15. Rac1 Bd7 16. Ne4 Nxe4 17. Qxd7 N4c5 18. Qxc7 Nxc7 19. b4 N5e6 20. b5 cxb5 21. Bxb7 Rab8 22. Bc6 Red8 23. cxb5 Nxb5 24. Rxd8+ Nxd8 25. Bxb5 Rxb5 26. Ne3 Bf6 27. Rc8 Be7 28. Nc4 f6 29.
Rc7 Rb7 30. Rc8 Kf7 31. Kg2 g5 32. Rxd8 Bxd8 33. Nd6+ Kg6 34. Nxb7 Kxh6 35. Nxd8 1-0

[Event "*** Titled Tuesday Blitz"]
[Site "Chess.com"]
[Date "2019.11.05"]
[Round "7"]
[White "Joel1285"]
[Black "PawnEatingZombie"]
[Result "0-1"]
[WhiteElo "1890"]
[BlackElo "2177"]
[TimeControl "180+2"]
[EndTime "14:34:30 PST"]
[Termination "PawnEatingZombie won by resignation"]

1. d4 d5 2. c4 e6 3. Nc3 Bb4 4. Nf3 dxc4 5. Qa4+ Nc6 6. e3 Bd7 7. Bxc4 Nxd4 8. Qd1 Nxf3+ 9. Qxf3 Bc6 10. Qg3 Ne7 11. O-O O-O 12. Rd1 Bd6 13. Qh4 Ng6 14. Qxd8 Rfxd8 15. Bd2 a6 16. Be1 b5 17. Bf1 Bb7 18. f3 c5 19.
Rac1 c4 20. Ne4 Bxe4 21. fxe4 Be5 22. Bc3 Bxc3 23. bxc3 Ne5 24. Rd4 Nc6 25. Rdd1 Kf8 0-1

[Event "*** Titled Tuesday Blitz"]
[Site "Chess.com"]
[Date "2019.11.05"]
[Round "7"]
[White "JonahWillow"]
[Black "Qvalda"]
[Result "1-0"]
[WhiteElo "2792"]
[BlackElo "2541"]
[TimeControl "180+2"]
[EndTime "14:34:35 PST"]
[Termination "JonahWillow won by resignation"]

1. e4 e5 2. Nf3 Nc6 3. Nc3 Nf6 4. Bb5 Bd6 5. d3 O-O 6. a3 Re8 7. Bc4 h6 8. g4 Bc5 9. Rg1 d6 10. h3 Be6 11. g5 hxg5 12. Bxg5 Bxc4 13. dxc4 Kf8 14.
Nd5 Re6 15. Bxf6 Rxf6 16. Nxf6 Qxf6 17. c3 Qf4 18. Qe2 a5 19. Rg4 Qh6 20. Rh4 Qe6 21.
Rh8+ Ke7 22. Rxa8 Qh6 23. Qd2 Qxh3 24. Qg5+ f6 25. Qxg7+ Ke6 26. Re8+ 1-0

[Event "*** Titled Tuesday Blitz"]
[Site "Chess.com"]
[Date "2019.11.05"]
[Round "7"]
[White "Darhild"]
[Black "Alliswell998"]
[Result "1/2-1/2"]
[WhiteElo "2687"]
[BlackElo "2529"]
[TimeControl "180+2"]
[EndTime "14:34:38 PST"]
[Termination "Game drawn by repetition"]

1. e4 c5 2. Nf3 d6 3. d4 cxd4 4.
Nxd4 Nf6 5. Nc3 a6 6. Bg5 e6 7. f4 Be7 8. Qf3 h6 9. Bh4 Nbd7 10.
O-O-O Qc7 11. Bd3 g5 12. fxg5 Ne5 13. Qe2 Nfg4 14. h3 hxg5 15. Bg3 Nxd3+ 16. cxd3 Ne5 17. Kb1 b5 18. Rc1 Qd7 19. Bxe5 dxe5 20. Nf3 b4 21. Nd1 f6 22. Ne3 a5 23. Nc4 Qd8 24. Rhd1 Ba6 25.
Qe3 Rc8 26. Qa7 Ra8 27. Qe3 Rc8 28. Qa7 Ra8 29. Qe3 Rc8 1/2-1/2

[Event "*** Titled Tuesday Blitz"]
[Site "Chess.com"]
[Date "2019.11.05"]
[Round "7"]
[White "Siemba"]
[Black "Svet99"]
[Result "1-0"]
[WhiteElo "2216"]
[BlackElo "2141"]
[TimeControl "180+2"]
[EndTime "14:34:38 PST"]
[Termination "Siemba won by resignation"]

1. e4 c6 2. d4 d5 3. Nd2 dxe4 4. Nxe4 Bf5 5. Ng3 Bg6 6. h4 h6 7. Nf3 Nd7 8. h5 Bh7 9. Bd3 Bxd3 10. Qxd3 Ngf6 11.
Bd2 e6 12. O-O-O Be7 13. Kb1 O-O 14. Ne4 Nxe4 15. Qxe4 Nf6 16. Qe2 Qd5 17. Be3 b5 18. g4 Nxg4 19. Rdg1 f5 20. Bd2 Bf6 21. Nh4 Qxd4 22.
Qxe6+ Rf7 23. Bc3 Qd8 24. Nxf5 Bxc3 25. Rxg4 1-0

[Event "*** Titled Tuesday Blitz"]
[Site "Chess.com"]
[Date "2019.11.05"]
[Round "7"]
[White "VincentKeymer"]
[Black "Last7Samurai"]
[Result "1-0"]
[WhiteElo "2568"]
[BlackElo "2684"]
[TimeControl "180+2"]
[EndTime "14:34:42 PST"]
[Termination "VincentKeymer won by resignation"]

1. Nf3 f5 2. g3 Nf6 3. Bg2 g6 4. O-O Bg7 5. d4 O-O 6. c4 d6 7.
Nc3 c6 8. b3 Na6 9. Bb2 Qc7 10.
Rc1 e5 11. dxe5 dxe5 12. Nb5 cxb5 13. cxb5 Qb6 14. bxa6 e4 15. Ne5 Qxa6 16. Rc7 Qe6 17. Qc2 Nd5 18. Rxg7+ Kxg7 19. Nd7+ Kg8 20. Nxf8 Kxf8 21.
Rd1 b6 22. Qd2 Nf6 23. Qd8+ Ne8 24. e3 Bb7 25. Ba3+ Kg8 26. Qd4 Ba6 27. Bb2 Kf8 28. Qh8+ Qg8 29. Ba3+ Kf7 30. Rd7+ 1-0

[Event "*** Titled Tuesday Blitz"]
[Site "Chess.com"]
[Date "2019.11.05"]
[Round "7"]
[White "kingofthenil"]
[Black "ChessBitl"]
[Result "1-0"]
[WhiteElo "2538"]
[BlackElo "2354"]
[TimeControl "180+2"]
[EndTime "14:34:58 PST"]
[Termination "kingofthenil won by resignation"]

1. d4 d5 2. c4 dxc4 3. Nc3 Nf6 4. e3 e6 5. Bxc4 a6 6. Be2 c5 7. Nf3 Nc6 8. O-O b6 9. b3 Bb7 10. Bb2 Be7 11. dxc5 Bxc5 12. Qxd8+ Rxd8 13. Na4 O-O 14.
Rac1 Nd7 15. Nxc5 Nxc5 16. Ba3 Rd5 17. b4 Nd3 18. Bxd3 Rxd3 19. b5 Rxa3 20. bxc6 Bc8 21. Rfd1 Rxa2 22. c7 Re8 23. Rd8 Kf8 24. Rcd1 Ke7 25. h4 Bb7 26. R1d7+ Kf6 27. Rxe8 Rc2 28. Rb8 Rc1+ 29. Kh2 1-0

[Event "*** Titled Tuesday Blitz"]
[Site "Chess.com"]
[Date "2019.11.05"]
[Round "7"]
[White "LawrenceTrent"]
[Black "ehrenfeld"]
[Result "0-1"]
[WhiteElo "2681"]
[BlackElo "2541"]
[TimeControl "180+2"]
[EndTime "14:35:00 PST"]
[Termination "ehrenfeld won by resignation"]

1. d4 Nf6 2. Bg5 e6 3. e4 h6 4. Bxf6 Qxf6 5. c3 d6 6. Nd2 Nd7 7. Bd3 e5 8. Ne2 g6 9. O-O Bg7 10. f4 Qe7 11. Qb3 O-O 12. Rae1 Kh8 13. Kh1 a5 14. a4 Rb8 15. Nc4 b6 16. Ne3 c6 17.
Bc4 exd4 18. Nxd4 Nc5 19. Qc2 Bd7 20. e5 dxe5 21. fxe5 Bxe5 22. Nf3 Bg7 23. Nf5 Bxf5 24. Qxf5 Qxe1 0-1

[Event "*** Titled Tuesday Blitz"]
[Site "Chess.com"]
[Date "2019.11.05"]
[Round "7"]
[White "wonderfultime"]
[Black "Alexander_Donchenko"]
[Result "1-0"]
[WhiteElo "2957"]
[BlackElo "2767"]
[TimeControl "180+2"]
[EndTime "14:35:12 PST"]
[Termination "wonderfultime won by checkmate"]

1. d4 Nf6 2. Nf3 d5 3. Bf4 c5 4. c3 Nc6 5. e3 Qb6 6. Qc2 g6 7.
Nbd2 Bf5 8. dxc5 Qxc5 9. Qb3 Na5 10. Qa4+ Bd7 11. Qd1 Nc6 12. Be2 Bg7 13. O-O O-O 14.
h3 Rfd8 15. Bc7 Nd4 16. Bxd8 Nxe2+ 17. Qxe2 Rxd8 18. Nb3 Qb6 19. Rfd1 a5 20. Nbd4 Ne4 21. a4 Nc5 22. b4 Nxa4 23. Qd2 axb4 24. cxb4 Qd6 25.
Qc2 Rc8 26. Qb3 Rc3 27. Qb1 Rc4 28. b5 Nc3 29. Ra8+ Bf8 30. Qa1 Nxd1 31. Rxf8+ Kxf8 32. Ne6+ fxe6 33. Qh8+ Kf7 34. Ng5# 1-0

[Event "*** Titled Tuesday Blitz"]
[Site "Chess.com"]
[Date "2019.11.05"]
[Round "7"]
[White "Chempiblinka"]
[Black "vlad_Sid"]
[Result "0-1"]
[WhiteElo "2291"]
[BlackElo "2498"]
[TimeControl "180+2"]
[EndTime "14:35:23 PST"]
[Termination "vlad_Sid won by resignation"]

1. Nf3 Nf6 2. g3 b6 3. Bg2 Bb7 4. O-O e6 5. b3 d5 6. Bb2 c5 7. e3 Nc6 8. d3 Be7 9. a3 O-O 10.
Nbd2 Qc7 11. c4 Rfd8 12. Qc2 Rac8 13. Rfd1 e5 14. cxd5 Nxd5 15. Rac1 Bf8 16. Qb1 g6 17. Nc4 Bg7 18. b4 cxb4 19. axb4 Ndxb4 20. Ncxe5 Qe7 21. Nxc6 Nxc6 22. Bxg7 Kxg7 23. Qa1+ Qf6 24. d4 Na5 25. Qa3 Bxf3 26. Bxf3 Qxf3 27. Qe7 Nc6 28. Qa3 Ne5 29.
Qxa7 Nd3 0-1

[Event "*** Titled Tuesday Blitz"]
[Site "Chess.com"]
[Date "2019.11.05"]
[Round "7"]
[White "TomsKantans"]
[Black "ExploringChess"]
[Result "0-1"]
[WhiteElo "2601"]
[BlackElo "2730"]
[TimeControl "180+2"]
[EndTime "14:35:31 PST"]
[Termination "ExploringChess won by resignation"]

1. e4 e6 2. c4 d5 3. cxd5 exd5 4. exd5 Nf6 5. Nc3 Nbd7 6. d4 Bd6 7. Nf3 O-O 8. Bd3 Re8+ 9. Be3 Nb6 10. O-O Nbxd5 11.
Bg5 Be7 12. Re1 Be6 13. Rc1 c6 14. Bb1 h6 15. Bh4 Nf4 16. Bg3 Bd6 17. Ne5 N4h5 18. Bh4 Be7 19. Qd3 Nf4 20. Qf3 Qxd4 21. Rcd1 Qb4 22. a3 Qxb2 23. Na4 Qxa3 24. Qxf4 Qb4 25. Bg3 Qxf4 26. Bxf4 Bb3 27. Rd4 c5 28. Rc4 Bxc4 0-1

[Event "*** Titled Tuesday Blitz"]
[Site "Chess.com"]
[Date "2019.11.05"]
[Round "7"]
[White "nihalsarin"]
[Black "SCIM"]
[Result "1-0"]
[WhiteElo "2976"]
[BlackElo "2492"]
[TimeControl "180+2"]
[EndTime "14:35:33 PST"]
[Termination "nihalsarin won by checkmate"]

1. Nf3 Nf6 2. d4 g6 3. c4 Bg7 4. Nc3 d5 5. cxd5 Nxd5 6. e4 Nxc3 7. bxc3 O-O 8. Be3 c5 9. Be2 Bg4 10. O-O cxd4 11. cxd4 Nc6 12. d5 Na5 13. Rc1 b6 14.
Nd4 Bxe2 15. Qxe2 Rc8 16. Rxc8 Qxc8 17. Rc1 Qd7 18. Nc6 e6 19. Nxa5 bxa5 20. Rd1 exd5 21. exd5 Rb8 22. h3 a4 23. d6 h5 24. Qa6 Be5 25.
Qxa7 Qxd6 26. Qxa4 Qe6 27. Bf4 Bxf4 28. Qxf4 Ra8 29.
a4 Qb3 30. Rd4 Kg7 31. h4 Re8 32. Rd7 Qe6 33. Qd4+ Kh7 34. g3 Rb8 35. a5 Qe1+ 36. Kg2 Qe6 37. a6 Qc6+ 38. Qd5 Qxd5+ 39. Rxd5 Ra8 40.
Ra5 Ra7 41. Kf3 Kg7 42. Ke4 Kf6 43. Kd5 Kf5 44. Ra4 f6 45. Rf4# 1-0

[Event "*** Titled Tuesday Blitz"]
[Site "Chess.com"]
[Date "2019.11.05"]
[Round "7"]
[White "MathiasWomacka"]
[Black "GianmarcoVaR"]
[Result "0-1"]
[WhiteElo "2315"]
[BlackElo "2530"]
[TimeControl "180+2"]
[EndTime "14:35:36 PST"]
[Termination "GianmarcoVaR won by resignation"]

1. e4 c5 2. Nf3 d6 3. d4 cxd4 4. Nxd4 Nf6 5. Nc3 a6 6. Be2 e5 7. Nb3 Be7 8. O-O O-O 9. Be3 Be6 10. Qd3 Nbd7 11. Nd5 Bxd5 12. exd5 Ne8 13. Qd2 f5 14. f4 Nef6 15. Na5 Ne4 16. Qb4 exf4 17. Bxf4 Rb8 18. c4 Bg5 19. Bd3 Ndc5 20. Bxe4 fxe4 21. Bxg5 Qxg5 22.
Qc3 Nd3 23. Qd4 Nf4 24. Rxf4 Rxf4 25. Re1 Rbf8 26. Nxb7 e3 27. Qd3 Rf2 28. g3 Qh5 29. h4 Qf3 0-1

[Event "*** Titled Tuesday Blitz"]
[Site "Chess.com"]
[Date "2019.11.05"]
[Round "7"]
[White "davigator"]
[Black "enriquetejedor"]
[Result "0-1"]
[WhiteElo "2295"]
[BlackElo "2503"]
[TimeControl "180+2"]
[EndTime "14:35:39 PST"]
[Termination "enriquetejedor won by checkmate"]

1. e4 d6 2. d4 e5 3. Be3 exd4 4.
Bxd4 Nf6 5. Nc3 Nc6 6. Be3 Be7 7. f3 O-O 8. Qd2 Be6 9. O-O-O b5 10. Bxb5 Na5 11.
Nge2 Rb8 12. Nf4 Bxa2 13. Nxa2 Rxb5 14. Nc3 Nc4 15. Qe2 Nxe3 16. Qxe3 Ra5 17. Rhe1 Ra1+ 18.
Kd2 Rxd1+ 19. Rxd1 Nd7 20. Nfd5 Bg5 21. f4 Bh6 22.
Qxa7 c6 23. Ne3 Bxf4 24. Ke2 Ne5 25. g3 Bxe3 26. Kxe3 f5 27. b3 Qg5+ 28. Ke2 f4 29. Rxd6 fxg3 30. hxg3 Qxg3 31. Qd4 Qg2+ 32. Kd1 Rf1# 0-1

[Event "*** Titled Tuesday Blitz"]
[Site "Chess.com"]
[Date "2019.11.05"]
[Round "7"]
[White "TST2014"]
[Black "deBaller"]
[Result "1-0"]
[WhiteElo "2532"]
[BlackElo "2347"]
[TimeControl "180+2"]
[EndTime "14:35:41 PST"]
[Termination "TST2014 won by resignation"]

1. d4 Nf6 2. c4 e6 3. Nf3 Bb4+ 4. Bd2 a5 5. g3 d6 6. Bg2 Nc6 7. O-O Bxd2 8. Qxd2 O-O 9. Nc3 e5 10. d5 Ne7 11. e4 Nd7 12. b3 Nc5 13. Rab1 f5 14. exf5 Bxf5 15. Rbe1 Bd3 16. Ne2 Nf5 17. Ng5 Nd4 18.
Nxd4 exd4 19. Ne6 Nxe6 20. dxe6 Bxf1 21. e7 Qd7 22. Bd5+ Kh8 23. exf8=Q+ Rxf8 24. Kxf1 c6 25. Be6 Qe7 26. Qxd4 Re8 27. Re3 a4 28. bxa4 Ra8 29. Qf4 Rf8 30. Bf5 Qf6 31. Re6 Qa1+ 32. Kg2 g6 33.
Rxg6 hxg6 34. Qh6+ Kg8 35. Be6+ Rf7 36. Qxg6+ Qg7 37. Bxf7+ 1-0

[Event "*** Titled Tuesday Blitz"]
[Site "Chess.com"]
[Date "2019.11.05"]
[Round "7"]
[White "newauto"]
[Black "Bishops83"]
[Result "1-0"]
[WhiteElo "1917"]
[BlackElo "2245"]
[TimeControl "180+2"]
[EndTime "14:35:41 PST"]
[Termination "newauto won by resignation"]

1. e4 c5 2. Nf3 Nc6 3. Bb5 d6 4.
O-O Bd7 5. d4 Nxd4 6. Nxd4 cxd4 7. Bxd7+ Qxd7 8. Qxd4 Nf6 9. c4 e6 10. Nc3 Be7 11. Bg5 O-O 12. Rfd1 Rfd8 13. Rac1 a6 14. b3 h6 15. Bh4 Nh5 16. Bxe7 Qxe7 17. e5 dxe5 18. Qxe5 Nf6 19. Nd5 Nxd5 20. cxd5 Rd6 21.
dxe6 Rxe6 22. Qc7 Qb4 23. g3 Rae8 24. Kf1 Re2 25. Rd8 Re1+ 26. Rxe1 Qxe1+ 27. Kg2 Qe4+ 28. Kg1 Rxd8 29. Qxd8+ Kh7 30. Qd7 Qe1+ 31. Kg2 Qe4+ 32.
Kg1 f5 33. Qd2 Qb1+ 34. Kg2 Qxa2 35. Qxa2 1-0

[Event "*** Titled Tuesday Blitz"]
[Site "Chess.com"]
[Date "2019.11.05"]
[Round "7"]
[White "Msb2"]
[Black "Kostya_Nikologorskiy"]
[Result "1-0"]
[WhiteElo "2844"]
[BlackElo "2563"]
[TimeControl "180+2"]
[EndTime "14:35:43 PST"]
[Termination "Msb2 won by resignation"]

1. d4 Nf6 2. c4 e6 3. Nf3 b6 4. g3 Ba6 5. b3 Bb4+ 6. Bd2 Be7 7.
Bg2 c6 8. O-O d5 9. Qc2 Nbd7 10.
a4 O-O 11. Rd1 c5 12. cxd5 Nxd5 13. Nc3 Rc8 14. Qb2 Bb7 15. Nxd5 Bxd5 16. Bc3 cxd4 17. Bxd4 f6 18. b4 Qc7 19. Rac1 Qb7 20. Ne1 Bxg2 21. Nxg2 Rfd8 22. Qb3 Nf8 23. Rxc8 Rxc8 24. Nf4 Qe4 25. f3 Qf5 26. e4 Qg5 27. Nxe6 Qh6 28. Ng5+ 1-0

[Event "*** Titled Tuesday Blitz"]
[Site "Chess.com"]
[Date "2019.11.05"]
[Round "7"]
[White "WeAintSurePal"]
[Black "bubacik"]
[Result "0-1"]
[WhiteElo "2474"]
[BlackElo "2679"]
[TimeControl "180+2"]
[EndTime "14:35:44 PST"]
[Termination "bubacik won by resignation"]

1. e4 e5 2. Nf3 Nc6 3. Bc4 Nf6 4. d3 h6 5. O-O d6 6. c3 g5 7. Re1 g4 8. Nfd2 h5 9. Nf1 h4 10. d4 Bg7 11. Na3 Qe7 12. Bg5 Rh5 13. Be3 Nxe4 14. d5 Nd8 15. Bb5+ c6 16. dxc6 bxc6 17. Qa4 cxb5 18.
Qxe4 Rb8 19. Rad1 Be6 20. Qb4 d5 21. Bc5 a5 22. Bxe7 axb4 23. Bxb4 Nc6 24. Ne3 Nxb4 25. cxb4 d4 26. Nf1 Bf8 27. Nc2 Rc8 28. Rc1 Bh6 29.
g3 Bxc1 0-1

[Event "*** Titled Tuesday Blitz"]
[Site "Chess.com"]
[Date "2019.11.05"]
[Round "7"]
[White "dennisodessa"]
[Black "irregularity"]
[Result "0-1"]
[WhiteElo "2182"]
[BlackElo "2414"]
[TimeControl "180+2"]
[EndTime "14:35:45 PST"]
[Termination "irregularity won by resignation"]

1. d4 Nf6 2. c4 c5 3. d5 e6 4. Nc3 exd5 5. cxd5 d6 6. e4 g6 7. h3 Bg7 8. Nf3 O-O 9. Bd3 b5 10. Nxb5 Re8 11. Nc3 Nxe4 12. Bxe4 Bf5 13. O-O Bxe4 14. Bf4 Nd7 15. Bxd6 Qb6 16. Nxe4 Rxe4 17.
Bg3 Qxb2 18. Rb1 Qxa2 19. d6 Nb6 20. Qd3 Qe6 21. Ng5 Rd4 22. Qxd4 Bxd4 23. Nxe6 fxe6 24. Bh4 Kf7 25. Rfd1 h6 26. Be7 e5 27. Kh1 Ke6 28.
Re1 g5 29. h4 g4 30. Re4 h5 31. f3 gxf3 32. gxf3 Nc4 33. Rg1 Bxg1 34. Rxc4 Bd4 35.
Rc2 a5 36. Rg2 a4 37. Rg6+ Kd7 38. Rg7 Kc6 39. f4 exf4 40. Rf7 a3 41. d7 a2 42. d8=Q a1=Q+ 43. Kg2 0-1

[Event "*** Titled Tuesday Blitz"]
[Site "Chess.com"]
[Date "2019.11.05"]
[Round "7"]
[White "nocnypako"]
[Black "Eliwood44"]
[Result "1/2-1/2"]
[WhiteElo "2538"]
[BlackElo "2368"]
[TimeControl "180+2"]
[EndTime "14:35:56 PST"]
[Termination "Game drawn by repetition"]

1. d4 Nf6 2. c4 e6 3. Nc3 d5 4.
cxd5 exd5 5. Bg5 c6 6. Qc2 Nbd7 7. e3 h6 8. Bf4 Nh5 9. Bg3 Nxg3 10. hxg3 Bb4 11.
Bd3 Nf6 12. Nf3 Be6 13. Ng5 Bd7 14. O-O-O Ng4 15. Nh3 Qa5 16. Kb1 O-O-O 17. Rc1 Kb8 18. a3 Bd6 19. Bf5 Nf6 20. Bxd7 Rxd7 21. Nf4 Bxf4 22. gxf4 Rc8 23. Qf5 Rdc7 24. g4 Ne8 25. g5 hxg5 26. fxg5 Nd6 27. Qf4 Nc4 28. Rh7 b5 29. Na2 Nd2+ 30. Kc2 Nc4 31. Kb1 Nd2+ 32. Kc2 Nc4 33. Kb1 1/2-1/2

[Event "*** Titled Tuesday Blitz"]
[Site "Chess.com"]
[Date "2019.11.05"]
[Round "7"]
[White "Walter_White_Poland"]
[Black "marianokar"]
[Result "0-1"]
[WhiteElo "2312"]
[BlackElo "2476"]
[TimeControl "180+2"]
[EndTime "14:35:57 PST"]
[Termination "marianokar won on time"]

1. e4 c5 2. Nf3 d6 3. d4 cxd4 4. Nxd4 Nf6 5. Nc3 Nc6 6. Bg5 e6 7. Qd2 a6 8. O-O-O Bd7 9. f4 h6 10. Bh4 g5 11. fxg5 Ng4 12. Nf3 Be7 13. Kb1 Nge5 14.
Rg1 b5 15. a3 Rb8 16. Ne2 hxg5 17. Bxg5 Bxg5 18. Qxg5 Qxg5 19. Nxg5 Rxh2 20. Rxd6 Ke7 21.
Rd1 Rg8 22. Nf3 Rh7 23. Ned4 Nxf3 24. Nxf3 e5 25. a4 bxa4 26. Bxa6 Rhg7 27. Bc4 Rxg2 28.
Rxg2 Rxg2 29. Bxf7 Bg4 30. Rf1 Bxf3 31. Rxf3 Nd4 0-1

[Event "*** Titled Tuesday Blitz"]
[Site "Chess.com"]
[Date "2019.11.05"]
[Round "7"]
[White "FearNoEvil12"]
[Black "Alextorngren"]
[Result "0-1"]
[WhiteElo "1965"]
[BlackElo "2221"]
[TimeControl "180+2"]
[EndTime "14:35:59 PST"]
[Termination "Alextorngren won by resignation"]

1. e4 c5 2. Nc3 g6 3. f4 Bg7 4. Nf3 Nc6 5. Bc4 e6 6. f5 gxf5 7. d3 Nge7 8. Bg5 a6 9. a4 Qa5 10. O-O d6 11. Qe1 Bd7 12. Qh4 h6 13. Bxe7 Nxe7 14.
Rae1 Ng6 15. Qh5 Bxc3 16. bxc3 fxe4 17. Ng5 hxg5 18. Qxg5 Qd8 19. Qg3 d5 20. Ba2 Qh4 21.
Qd6 Qe7 22. Qg3 O-O-O 23. dxe4 dxe4 24. Rxe4 Bc6 25. Rc4 Bd5 26. Rb1 Bxc4 27. Bxc4 Qh4 28. Bxa6 Qxg3 29. Bxb7+ Kc7 30. hxg3 Rb8 0-1

[Event "*** Titled Tuesday Blitz"]
[Site "Chess.com"]
[Date "2019.11.05"]
[Round "7"]
[White "riconaipe"]
[Black "Gabrielian_Artur"]
[Result "0-1"]
[WhiteElo "2613"]
[BlackElo "2822"]
[TimeControl "180+2"]
[EndTime "14:36:00 PST"]
[Termination "Gabrielian_Artur won by resignation"]

1. d4 Nf6 2. c4 c5 3. d5 e6 4. Nc3 exd5 5. cxd5 d6 6. e4 g6 7. Nge2 Bg7 8. Ng3 h5 9. Be2 a6 10. a4 Nbd7 11. O-O h4 12. Nh1 h3 13. g3 Qe7 14.
f3 O-O 15. Nf2 Ne5 16. Bg5 Qc7 17. f4 Nh7 18. Bh4 g5 19. fxg5 c4 20. Ng4 Bxg4 21.
Bxg4 b5 22. axb5 axb5 23. Rxa8 Rxa8 24. Bxh3 b4 25. Ne2 c3 26. bxc3 bxc3 27. Qc2 Qc4 28. g6 Nxg6 29. Nf4 Nxh4 30. gxh4 Ra2 31. Qd3 Bd4+ 32.
Kh1 Qxd3 33. Nxd3 Rd2 34. Nc1 Be5 35. Bg2 Nf6 36. Kg1 Ng4 37. Nb3 Rb2 38. Na5 Bd4+ 39. Kh1 Nf2+ 40. Kg1 Nxe4+ 41. Kh1 Nf2+ 42. Kg1 c2 43.
Nc4 Rb1 0-1

[Event "*** Titled Tuesday Blitz"]
[Site "Chess.com"]
[Date "2019.11.05"]
[Round "7"]
[White "2165149677570"]
[Black "Misha_Bilous"]
[Result "0-1"]
[WhiteElo "2301"]
[BlackElo "2497"]
[TimeControl "180+2"]
[EndTime "14:36:03 PST"]
[Termination "Misha_Bilous won by resignation"]

1. e4 c5 2. Nf3 d6 3. Bb5+ Bd7 4. Bxd7+ Qxd7 5. c4 Nc6 6. d4 cxd4 7. Nxd4 g6 8.
Nc3 Bg7 9. Be3 Nf6 10. f3 O-O 11. O-O e6 12. Qd3 Rfd8 13. Rad1 d5 14. Nxc6 bxc6 15. e5 Ne8 16. f4 f6 17. Bc5 Nc7 18.
Bd6 dxc4 19. Qxc4 Nd5 20. Ne4 Ne3 21. Qb3 Nxd1 22. Nc5 Qf7 23. Rxd1 fxe5 24. fxe5 Bxe5 25. Bxe5 Rxd1+ 26. Qxd1 Rf8 27. Qe2 Qf5 28. h3 Rd8 29.
Kh2 Rd5 30. Nb7 Qxe5+ 0-1

[Event "*** Titled Tuesday Blitz"]
[Site "Chess.com"]
[Date "2019.11.05"]
[Round "7"]
[White "hypert"]
[Black "Ceejay271"]
[Result "1/2-1/2"]
[WhiteElo "2467"]
[BlackElo "2373"]
[TimeControl "180+2"]
[EndTime "14:36:04 PST"]
[Termination "Game drawn by agreement"]

1. e4 c5 2. Nf3 d6 3. d4 cxd4 4. Nxd4 Nf6 5. Nc3 Nc6 6. Bg5 Bd7 7. Bxf6 gxf6 8. f4 Nxd4 9. Qxd4 Qa5 10. O-O-O Rc8 11.
Bc4 Qc5 12. Bb3 Qxd4 13. Rxd4 Bg7 14. f5 h5 15. Rf1 h4 16. Rd3 Bh6+ 17. Kb1 Rg8 18.
Rf2 b5 19. Nd5 a5 20. Nb6 Rc7 21. Nxd7 Rxd7 22. c4 Rc7 23. Rc3 b4 24. Rh3 Bg5 25. Ba4+ Kf8 26. Rc2 Rc5 27. a3 Bf4 28. Rxh4 Be5 29.
Bb5 b3 30. Re2 e6 31. fxe6 fxe6 32. Rh3 Kf7 33. Rxb3 Bxh2 34. Rh3 Be5 35. Rh7+ Rg7 36. Rxg7+ Kxg7 37. b4 axb4 38. axb4 Rc7 39. Ka2 Ra7+ 40.
Kb3 Ra1 41. Bd7 Rb1+ 42. Ka3 Bc3 43. b5 Kf7 44. Rc2 Bd4 45. g4 Bc5+ 46. Ka2 1/2-1/2

[Event "*** Titled Tuesday Blitz"]
[Site "Chess.com"]
[Date "2019.11.05"]
[Round "7"]
[White "Zaven_ChessMood"]
[Black "kleinebeer98"]
[Result "1-0"]
[WhiteElo "2862"]
[BlackElo "2695"]
[TimeControl "180+2"]
[EndTime "14:36:12 PST"]
[Termination "Zaven_ChessMood won by checkmate"]

1. e4 e5 2. Nf3 Nc6 3. Bc4 Nf6 4. d3 h6 5. O-O d6 6. c3 g5 7. Nbd2 g4 8. Ne1 h5 9. Nc2 Be6 10. d4 Bxc4 11. Nxc4 Nxe4 12. dxe5 dxe5 13. Qe2 f5 14. f3 gxf3 15. Qxf3 Bc5+ 16. Be3 Qd3 17. Qxf5 Qxc4 18.
Qg6+ Kd8 19. Rad1+ Bd6 20. Na3 Rg8 21. Qh7 Qe6 22. Qxe4 Kd7 23. c4 b6 24. Nb5 Rg6 25.
c5 bxc5 26. Bxc5 Rag8 27. Nxd6 Rxg2+ 28. Kh1 Qh3 29. Rf7+ Ke6 30. Qd5# 1-0

[Event "*** Titled Tuesday Blitz"]
[Site "Chess.com"]
[Date "2019.11.05"]
[Round "7"]
[White "cool4chess"]
[Black "vinniethepooh"]
[Result "0-1"]
[WhiteElo "2566"]
[BlackElo "2699"]
[TimeControl "180+2"]
[EndTime "14:36:14 PST"]
[Termination "vinniethepooh won by checkmate"]

1. e4 c5 2. Nf3 Nc6 3. d4 cxd4 4. Nxd4 Nf6 5. Nc3 e5 6. Ndb5 d6 7. Bg5 a6 8. Na3 b5 9. Nd5 Be7 10. Bxf6 Bxf6 11. c4 b4 12. Nc2 a5 13. g3 Bg5 14.
h4 Bh6 15. Bh3 Be6 16. Kf1 Ne7 17. Nce3 Bxe3 18. Nxe3 O-O 19. Kg2 Nc6 20. Qd3 Nd4 21. Nc2 Nxc2 22. Qxc2 a4 23. Rhd1 Qb6 24. b3 axb3 25.
axb3 Ra3 26. Qd3 Bxh3+ 27. Kxh3 Qxf2 28. Qd5 Rxb3 29. Rg1 Rb2 30. Ra8 h5 31. Re8 Qh2# 0-1